 Dungeon Crawl Stone Soup version 0.30-a0-939-gc8157cb160 (webtiles) character file.

Game seed: 17017245995185517481

152 Newt the Shooter (level 5, -3/35 HPs)
             Began as a Kobold Hunter on Mar 25, 2023.
             Slain by an ogre
             ... wielding a +0 giant club
              (25 damage)
             ... on level 4 of the Dungeon.
             The game lasted 00:02:35 (2804 turns).

Newt the Shooter (Kobold Hunter)                    Turns: 2804, Time: 00:02:36

Health: -3/35      AC:  3    Str:  9    XL:     5   Next: 60%
Magic:  5/5        EV: 14    Int: 10    God:
Gold:   195        SH:  5    Dex: 20    Spells: 2/4 levels left

rFire   . . .      SeeInvis .    a - +0 shortbow
rCold   . . .      Faith    .    (shield currently unavailable)
rNeg    . . .      Spirit   .    c - +0 leather armour
rPois   .          Reflect  +    (no helmet)
rElec   .          Rampage  .    (no cloak)
rCorr   .                        (no gloves)
Will    .....                    (no boots)
Stlth   +++                      m - amulet of reflection
HPRegen 0.25/turn                h - ring of wizardry
MPRegen 0.09/turn                (no ring)

@: no status effects
A: small, no large weapons, nightstalker 3
a: no special abilities


You were on level 4 of the Dungeon.
You visited 1 branch of the dungeon, and saw 4 of its levels.

You collected 195 gold pieces.

Inventory:

Hand Weapons
 a - a +0 shortbow (weapon)
Armour
 c - a +0 leather armour (worn)
Jewellery
 h - a ring of wizardry (left hand)
 m - an amulet of reflection (around neck)
Scrolls
 b - 2 scrolls of immolation
 f - a scroll of fear
Potions
 d - a potion of might
 e - 4 potions of curing
 g - a potion of cancellation
 i - a potion of magic
 j - a potion of mutation
 k - a potion of degeneration {unknown}
 n - a potion of haste {unknown}
 o - 2 potions of flight {unknown}


   Skills:
 - Level 5.0 Fighting
 - Level 5.3 Ranged Weapons
 - Level 2.4 Dodging
 - Level 1.3 Stealth
 + Level 2.6 Transmutations


You had 2 spell levels left.
You knew the following spells:

 Your Spells              Type           Power      Damage    Failure   Level
a - Wereblood             Tmut           5%         N/A       12%         2

Your spell library contained the following spells:

 Spells                   Type           Power      Damage    Failure   Level
 Beastly Appendage        Tmut           10%        N/A       8%          1
 Spider Form              Tmut/Pois      2%         N/A       34%         3


Dungeon Overview and Level Annotations

Branches:
Dungeon (4/15)
 Temple: D:4-7

Altars:

Shops:
D:1 (


Innate Abilities, Weirdness & Mutations

You are small and have problems with some larger weapons.
You are completely attuned to the shadows.


Message History

You kill the ball python!
No target in view!
No target in view!
No target in view!
An endoplasm comes into view.
An endoplasm is nearby!
You shoot an arrow. The endoplasm quivers.
The arrow hits the endoplasm.
You kill the endoplasm!
You hear a shout!
No target in view!
No target in view!
An ogre comes into view. It is wielding a +0 giant club.
An ogre is nearby!
You shoot an arrow. The arrow barely misses the ogre.
You hear a shout!
You shoot an arrow. The arrow closely misses the ogre.
You hear an angry hiss.
You shoot an arrow. The arrow hits the ogre.
The ogre is lightly wounded.
A ball python comes into view.
The ogre hits you with a +0 giant club!
A goblin comes into view. It is wielding a +0 dagger.
You shoot an arrow.
The arrow hits the ogre but does no damage.
The ogre is lightly wounded.
The ogre closely misses you.
You shoot an arrow. The arrow hits the ogre.
The ogre is moderately wounded.
The ogre closely misses you.
You shoot an arrow. The arrow hits the ogre!
The ogre is heavily wounded.
You shoot an arrow. The arrow barely misses the ogre.
The arrow misses the goblin.
The ogre closely misses you.
You shoot an arrow. The arrow hits the ogre.
The ogre is heavily wounded.
The ogre hits you with a +0 giant club!!
Ouch! That really hurt!
You die...

#.............###.
#........))...# #.
#>............+ .#
#(...)........# .
#........##
#......###
#......# #......#
#@###### #O#


Sg. ..... ....... You could see an ogre, a goblin and a ball python.

Vanquished Creatures
  An orc wizard (D:3)
  4 adders
  3 worms
  2 dart slugs (D:3)
  2 orcs
  6 bats
  9 endoplasms
  9 hobgoblins
  9 kobolds
  3 quokkas (D:3)
  7 ball pythons
  4 frilled lizards
  11 goblins
  5 rats
75 creatures vanquished.

Notes
Turn   | Place    | Note
-------+----------+-------------------------------------------
     0 | D:1      | Newt the Kobold Hunter began the quest for the Orb.
     0 | D:1      | Reached XP level 1. HP: 12/12 MP: 1/1
   300 | D:1      | Reached XP level 2. HP: 18/18 MP: 2/2
   618 | D:1      | Found Yreil's Antique Weapon Shoppe.
   783 | D:2      | Reached XP level 3. HP: 23/23 MP: 3/3
  1094 | D:2      | Reached XP level 4. HP: 19/30 MP: 4/4
  1612 | D:2      | Learned a level 2 spell: Wereblood
  1619 | D:3      | Reached skill level 5 in Fighting
  1619 | D:3      | Reached skill level 1 in Transmutations
  1619 | D:3      | Reached XP level 5. HP: 30/35 MP: 2/5
  2796 | D:4      | Noticed an ogre
  2804 | D:4      | Slain by an ogre

Illustrated notes

Levels and vault maps discovered:
D:1:      dpeg_arrival_round_b, layout_basic, serial_shops,
          nicolae_shop_behind_doors, serial_forest, infiniplex_forest_corner_2,
          infiniplex_forest_lined_3, infiniplex_forest_3_way,
          infiniplex_forest_lined_3_way, infiniplex_forest_clump_medium
D:2:      kennysheep_the_goblin_king, layout_rooms, minmay_surrounded
D:3:      layout_loops_ring, hangedman_decor_points, grunt_ministairs_1,
          eino_tiny_chamber, wad_rectangle_vault
D:4:      layout_basic, minmay_temple_entry_enclosed_plants, serial_shops, shop,
          hangedman_abyss_or_decor_lesser_grid, kennysheep_generic_room_9

Skill      XL: |  1  2  3  4  5 |
---------------+----------------+-----
Fighting       | 3 4 5 |  5.0
Transmutations | 1 2 |  2.6
Ranged Weapons | |  5.3
Dodging        | |  2.4
Stealth        | |  1.3

Action                     |  1- 3 |  4- 6 || total
---------------------------+-------+-------++-------
  Melee: Shortbow          |       |     2 ||     2
   Fire: Shortbow          |    72 |    91 ||   163
   Cast: Wereblood         |       |     2 ||     2
    Use: Scroll            |     3 |     5 ||     8
         Potion            |       |     1 ||     1
 Armour: Leather armour    |     4 |     3 ||     7
  Dodge: Dodged            |    16 |    26 ||    42

Table legend: (Time is in decaauts)
 A = Elapsed time spent in this place.
 B = Non-inter-level travel time spent in this place.
 C = Inter-level travel time spent in this place.
 D = Time resting spent in this place.
 E = Time spent auto-exploring this place.
 F = Levels seen in this place.
 G = Mean time per level.
                   A        B        C        D        E       F      G
               +--------+--------+--------+--------+--------+-----+--------+
         Total |   2852 |   2812 |     40 |    108 |   2353 |   4 |  713.0 |
       Dungeon |   2852 |   2812 |     40 |    108 |   2353 |   4 |  713.0 |
               +--------+--------+--------+--------+--------+-----+--------+

Top non-repeatable levels by time:
     D:3: 915 daAuts
     D:2: 867 daAuts
     D:1: 773 daAuts
     D:4: 296 daAuts
